 Dungeon Sprint DCSS version 0.30.0-29-ga12c61a403 (webtiles) character file.

Game seed: 17038733629647827183

579 Groucho the Skirmisher (level 7, -6/40 HPs)
             Began as a Spriggan Hunter on June 24, 2023.
             Was a Priest of Qazlal.
             Mangled by a demonic crawler (18 damage)
             ... in the Dungeon (Sprint VII: "The Pits").
             The game lasted 00:03:14 (1901 turns).

Groucho the Skirmisher (Spriggan Hunter)            Turns: 1901, Time: 00:03:14

Health: -6/40      AC:  3    Str:  7    XL:     7   Next: 13%
Magic:  0/12       EV: 28    Int: 13    God:    Qazlal [***...]
Gold:   0          SH:  4    Dex: 21    Spells: 6/6 levels left

rFire   . . .        a - +0 shortbow
rCold   . . .        (shield currently unavailable)
rNeg    . . .        c - +0 robe
rPois   .            (helmet restricted)
rElec   .            m - +0 cloak
rCorr   .            (gloves unavailable)
SInv    +            (boots unavailable)
Will    +....        (no amulet)
Stlth   ++           n - +3 ring of intelligence
HPRegen 0.26/turn    o - +3 ring of evasion
MPRegen 0.13/turn

%: no teleportation
@: very quick
A: very small, no large weapons, unfitting armour, see invisible, speed 3
a: Renounce Religion, Upheaval, Elemental Force


You were in the Dungeon.
You worshipped Qazlal.
Qazlal was most pleased with you.
You visited 1 branch

Inventory:

Hand Weapons
 a - a +0 shortbow (weapon)
Armour
 c - a +0 robe (worn)
 m - a +0 cloak (worn)
Jewellery
 n - a +3 ring of intelligence (left hand)
 o - a +3 ring of evasion (right hand)
Scrolls
 b - a scroll of immolation
 i - a scroll of blinking
 k - 5 scrolls of amnesia
 l - a scroll of summoning
Potions
 d - 7 potions of curing
 e - 8 potions of heal wounds
 f - a potion of haste
 g - 4 potions of magic
 h - 4 potions of berserk rage
 j - 2 potions of invisibility
 p - a potion of resistance


   Skills:
 + Level 6.2 Fighting
 * Level 11.0 Ranged Weapons
 + Level 9.8 Dodging
 - Level 1.5 Stealth
 + Level 5.4 Invocations


You had 6 spell levels left.
You didn't know any spells.
Your spell library was empty.

Dungeon Overview and Level Annotations

Branches:
Dungeon (1/1)

Altars:
Ashenzari
Cheibriados
Dithmenos
Elyvilon
Fedhas
Gozag
Hepliaklqana
Kikubaaqudgha
Makhleb
Nemelex Xobeh
Okawaru
Qazlal
Ru
Sif Muna
Trog
Uskayaw
Vehumet
Wu Jian
Xom
Yredelemnul
Zin
The Shining One
Jiyva
Lugonu


Innate Abilities, Weirdness & Mutations

You are very small and have problems with some larger weapons.
You are too small for most types of armour.
You have supernaturally acute eyesight. (SInv)
You cover ground extremely quickly. (Speed+++)


Message History

Aim: a demonic crawler A blizzard blasts the area with ice!
The blast of ice hits the demonic crawler!
The demonic crawler is moderately wounded.
The demonic crawler is flash-frozen.
Unknown command.
Unknown command.
Aiming: Upheaval
Press: ? - help, Dir - move target, p - demonic crawler A blizzard blasts the area with ice!
The demonic crawler hits you. The demonic crawler misses you.
The demonic crawler hits you!
Unknown command.
Unknown command.
Unknown command.
Aiming: Upheaval
Press: ? - help, Dir - move target A blizzard blasts the area with ice!
The blast of ice hits the demonic crawler!!
The demonic crawler is moderately wounded.
The demonic crawler is no longer encased in ice.
The demonic crawler closely misses you. You block the demonic crawler's attack.
The demonic crawler misses you.
Unknown command.
Unknown command.
Unknown command.
Aiming: Upheaval
Press: ? - help, Dir - move target A storm cloud blasts the area with cutting wind!
The cutting wind hits the demonic crawler.
The demonic crawler is moderately wounded.
The storm surrounding you is now too weak to repel missiles.
You will no longer adapt resistances upon receiving elemental damage.
The demonic crawler completely misses you.
The demonic crawler barely misses you.
The demonic crawler completely misses you.
The demonic crawler closely misses you. The demonic crawler hits you!
* * * LOW HITPOINT WARNING * * *
The demonic crawler hits you!!
You die...

############ #_________.#
#_________.#
#_______...###########++# #
##########'##..............
#.?(.')))'.##..§...#..#....
##########.##○.............
#...........+.○@...........
#'#####'#####○.s○..#..#....
#.#..#.....##..§...........
#.#))#####'#####'#####++##
#.#))#.....##.......#
#.#))#.÷.÷.##.......#
#.#[[###'####.......#
#.##'#.....##...<...#
#.#........##.......#


You could see a demonic crawler.

Vanquished Creatures
  A redback (D)
  A floating eye (D)
  Pargi (D)
  A phantom (D)
  2 scorpions (D)
  Crazy Yiuf (D)
  An iron imp (D)
  An adder zombie (D)
  A worm (D)
  An orc (D)
  An endoplasm (D)
  A giant cockroach (D)
  3 goblins (D)
  A hobgoblin (D)
  2 quokkas (D)
  2 frilled lizards (D)
  A rat (D)
22 creatures vanquished.

Notes
Turn   | Place    | Note
-------+----------+-------------------------------------------
     0 | D        | Groucho the Spriggan Hunter began the quest for the Orb.
     0 | D        | Reached XP level 1. HP: 10/10 MP: 2/2
     8 | D        | Noticed a floating eye
     9 | D        | Paralysed by a floating eye for 3 turns
    15 | D        | Paralysed by a floating eye for 2 turns
    17 | D        | Killed a floating eye
    18 | D        | Reached skill level 7 in Ranged Weapons
    18 | D        | Reached XP level 2. HP: 17/17 MP: 3/3
    18 | D        | Reached XP level 3. HP: 21/21 MP: 4/4
    18 | D        | Reached XP level 4. HP: 25/25 MP: 5/5
    45 | D        | Found a bloodstained altar of Trog.
    45 | D        | Found a shimmering blue altar of Sif Muna.
    45 | D        | Found a viscous altar of Jiyva.
    45 | D        | Found a hazy altar of Hepliaklqana.
    45 | D        | Found an opulent altar of Gozag.
    46 | D        | Found a glowing golden altar of the Shining One.
    46 | D        | Found a glowing silver altar of Zin.
    46 | D        | Found a basalt altar of Yredelemnul.
    46 | D        | Found a shimmering altar of Xom.
    46 | D        | Found an ornate altar of the Wu Jian Council.
    46 | D        | Found a sacrificial altar of Ru.
    46 | D        | Found a stormy altar of Qazlal.
    46 | D        | Found an iron altar of Okawaru.
    46 | D        | Found a sparkling altar of Nemelex Xobeh.
    46 | D        | Found a burning altar of Makhleb.
    46 | D        | Found a blossoming altar of Fedhas.
    46 | D        | Found a white marble altar of Elyvilon.
    46 | D        | Found a shadowy altar of Dithmenos.
    46 | D        | Found a snail-covered altar of Cheibriados.
    48 | D        | Found a corrupted altar of Lugonu.
    48 | D        | Found a radiant altar of Vehumet.
    49 | D        | Found an ancient bone altar of Kikubaaqudgha.
    49 | D        | Found a hide-covered altar of Uskayaw.
    49 | D        | Found a broken altar of Ashenzari.
    52 | D        | Became a worshipper of Qazlal Stormbringer
    74 | D        | Noticed a scorpion
    83 | D        | Killed a scorpion
    84 | D        | Reached skill level 8 in Ranged Weapons
    84 | D        | Reached XP level 5. HP: 16/30 MP: 5/7
   390 | D        | Reached * piety under Qazlal
   496 | D        | Noticed a phantom
   510 | D        | Killed a phantom
   511 | D        | Reached skill level 9 in Ranged Weapons
   513 | D        | Reached ** piety under Qazlal
   874 | D        | Reached skill level 5 in Fighting
   884 | D        | Reached *** piety under Qazlal
   885 | D        | Reached XP level 6. HP: 35/35 MP: 9/9
   903 | D        | Reached **** piety under Qazlal
   908 | D        | Noticed a demonic crawler
  1266 | D        | Noticed Pargi
  1266 | D        | Noticed Crazy Yiuf
  1275 | D        | Killed Crazy Yiuf
  1276 | D        | Reached skill level 10 in Ranged Weapons
  1279 | D        | Killed Pargi
  1582 | D        | Noticed a redback
  1584 | D        | Noticed a boulder beetle
  1597 | D        | Killed a redback
  1598 | D        | Reached skill level 11 in Ranged Weapons
  1598 | D        | Reached skill level 5 in Invocations
  1598 | D        | Reached XP level 7. HP: 40/40 MP: 4/12
  1901 | D        | Mangled by a demonic crawler

Illustrated notes

Levels and vault maps discovered:
D:        pitsprint [storerooms_1, entrance_room_1, metal_vault_3, armoury_1,
          mini_pit_1, grid_room_1, main_hall_1, silver_pit, the_coven_2,
          the_vestibule_1, steel_vault_3, golden_pit, hallway_of_sentries,
          crystal_vault_4, iron_vault_2, final_vault]

Skill      XL: |  1  2  3  4  5  6 |
---------------+-------------------+-----
Fighting       | 3 4 5 6 |  6.2
Ranged Weapons | 7 8 9 11 | 11.0
Dodging        | 6 7 8 9 |  9.8
Invocations    | 2 3 5 |  5.4
Stealth        | |  1.5

Action                     |  1- 3 |  4- 6 |  7- 9 || total
---------------------------+-------+-------+-------++-------
   Fire: Shortbow          |     6 |    79 |       ||    85
 Invoke: Upheaval          |       |     2 |     5 ||     7
    Use: Potion            |       |     6 |       ||     6
 Armour: Robe              |       |     1 |       ||     1
  Dodge: Dodged            |       |    36 |     8 ||    44
  Block: Other             |       |     7 |     1 ||     8
